 Dungeon Crawl Stone Soup version 0.18-a0-1202-g796ae12 (webtiles) character file.

331 M4edhros the Sneak (level 6, -1/38 HPs)
             Began as an Octopode Artificer on Jan 31, 2016.
             Slain by PeterLawrence's ghost (2 damage)
             ... on level 4 of the Dungeon.
             The game lasted 00:04:27 (1999 turns).

M4edhros the Sneak (Octopode Artificer)             Turns: 1999, Time: 00:04:28

Health: -1/38      AC:  1    Str: 10    XL:     6   Next: 52%
Magic:  9/9        EV:  8    Int: 16    God:
Gold:   147        SH:  0    Dex: 13    Spells: 0 memorised, 5 levels left

rFire  . . .     SeeInvis .     a - +0 short sword
rCold  + . .     Gourm    .     (no shield)
rNeg   . . .     Faith    .     (helmet restricted)
rPois  .         Spirit   .     (no amulet)
rElec  .         Dismiss  .     e - ring of protection from cold
rCorr  .         Reflect  .     o - ring of protection from magic
SustAt .         Harm     .     (no ring)
MR     +....                    (no ring)
Stlth  ++++......               (no ring)
                                (no ring)
                                (no ring)
                                (no ring)

@: somewhat resistant to hostile enchantments, stealthy
A: almost no armour, amphibious, 8 rings, constrict 8, camouflage 1, gelatinous
body 1
a: no special abilities


You were on level 4 of the Dungeon.
You were not hungry.

You visited 1 branch of the dungeon, and saw 4 of its levels.

You collected 147 gold pieces.

Inventory:

Hand Weapons
 a - a +0 short sword (weapon)
 l - a +0 hunting sling
Missiles
 h - 24 sling bullets
 i - 17 steel sling bullets
 j - 127 stones (quivered)
 n - 16 poisoned needles
Jewellery
 e - a ring of protection from cold (left tentacle)
 o - a ring of protection from magic (right tentacle)
Wands
 b - a wand of flame (14/48)
 c - a wand of enslavement (8/24)
 d - a wand of random effects (23/48)
Scrolls
 k - a scroll of amnesia
 m - a scroll of enchant weapon {unknown}
 q - 2 scrolls of identify {unknown}
 s - a scroll of recharging
 t - 2 scrolls of random uselessness {unknown}
 w - a scroll of blinking {unknown}
Potions
 r - a potion of curing
 x - a potion of poison
Books
 u - a book of Fire

   Spells                             Type                      Level
   a - Ignite Poison                  Fire/Transmutation/Poison    3
   b - Fireball                       Conjuration/Fire             5
   c - Bolt of Fire                   Conjuration/Fire             6
   d - Delayed Fireball               Conjuration/Fire             7
   e - Ring of Flames                 Charms/Fire                  7
Comestibles
 f - 2 bread rations
 g - 4 meat rations
 v - a beef jerky


   Skills:
 - Level 1.0 Fighting
 - Level 1.0 Short Blades
 * Level 2.7 Slings
 * Level 4.0 Dodging
 * Level 4.9 Stealth
 + Level 4.4 Evocations


You had 5 spell levels left.
You didn't know any spells.

Dungeon Overview and Level Annotations

Branches:
Dungeon (4/15)
 Temple: D:4-7

Altars:

Annotations:
D:3 derval's ghost, amateur FoSk
D:4 PeterLawrence's ghost, novice GrFi


Innate Abilities, Weirdness & Mutations

You cannot wear most types of armour.
You are amphibious.
You can wear up to eight rings at the same time.
You can use your tentacles to constrict eight enemies at once.
Your skin changes colour to match your surroundings (Stealth).
Your rubbery body absorbs attacks (AC +1).


Message History

The orc shouts!
The iguana closely misses you.
An orc comes into view. It is wielding a flail.
An orc comes into view. It is wielding a trident.
The orc shouts!
The orc moves out of view.
The orc shouts!
The orc misses you.
The orc shouts!
Things that are here:
a leather armour; a flail
Things that are here:
a robe; a dagger All of the chunks of flesh in your inventory have rotted away.
There is a stone staircase leading up, spattered with blood here.
You see here an enchanted dagger.
PeterLawrence's ghost hits you!
* * * LOW HITPOINT WARNING * * *
PeterLawrence's ghost freezes you.
You die...

............###
#.r..[...........
.####.........
..######.<....... ##
#..####.#.## ##.....##.
####.#####.#..# ####.)#####
#
..............#######...[##
.####..o.##..o...........#
..[...#..##.#.l>#####....#
..##....###...#W)# #....#
.##..#### ###..#@#########
[...## ##......# ######
###.##.# .....# #..#.#
####(# ##.#.# #.#.# #...##
###..# #..###


You could see an iguana, PeterLawrence's ghost and an orc.

Vanquished Creatures
  4 orc priests (D:4)
  3 orc wizards (D:4)
  A worker ant (D:4)
  An adder (D:2)
  An ooze (D:4)
  A worm (D:2)
  3 giant geckos (D:1)
  8 orcs
  2 giant cockroaches
  2 goblins (D:1)
  3 hobgoblins
  2 kobolds
  A quokka (D:4)
  A ball python (D:2)
  2 bats (D:1)
  A giant newt (D:4)
  7 rats
43 creatures vanquished.

Vanquished Creatures (collateral kills)
  2 worker ants (D:4)
  An orc wizard (D:4)
  An orc (D:4)
  A jackal skeleton (D:4)
5 creatures vanquished.

Vanquished Creatures (others)
  An orc (D:4)
1 creature vanquished.

Grand Total: 49 creatures vanquished

Notes
Turn   | Place    | Note
--------------------------------------------------------------
     0 | D:1      | M4edhros the Octopode Artificer began the quest for the Orb.
     0 | D:1      | Reached XP level 1. HP: 13/13 MP: 3/3
   147 | D:1      | Reached XP level 2. HP: 18/18 MP: 4/4
   419 | D:2      | Reached XP level 3. HP: 21/23 MP: 5/5
   612 | D:4      | Reached skill level 1 in Slings
   612 | D:4      | Reached XP level 4. HP: 14/28 MP: 6/6
  1008 | D:4      | Reached skill level 4 in Evocations
  1008 | D:4      | Reached XP level 5. HP: 33/33 MP: 6/8
  1302 | D:4      | Reached XP level 6. HP: 12/38 MP: 9/9
  1375 | D:4      | Noticed PeterLawrence's ghost (novice GrFi)
  1755 | D:3      | Noticed derval's ghost (amateur FoSk)
  1999 | D:4      | HP: 1/38 [PeterLawrence's ghost (11)]
  1999 | D:4      | Slain by PeterLawrence's ghost

Vault maps used:
D:1:      shiori_arrival_maze, minmay_distorted
D:2:      moated_statue, minmay_misc_feat_five
D:3:      grunt_temple_overflow_open
D:4:      first_bread

Action                   |  1- 3 |  4- 6 || total
-------------------------+-------+-------++-------
Melee: Short sword       |    42 |    63 ||   105
 Fire: Hunting sling     |    17 |       ||    17
Evoke: Wand              |     1 |    18 ||    19
  Use: Scroll            |     3 |     1 ||     4
       Potion            |     1 |     5 ||     6
 Stab: Sleeping          |    13 |       ||    13
  Eat: Chunk             |       |     3 ||     3
